 Dungeon Crawl Stone Soup version 0.22-a0-284-g99d1f74 (webtiles) character file.

2 Amnesiac the Ducker (level 1, 0/11 HPs)
             Began as a Spriggan Fighter on Mar 21, 2018.
             Killed from afar by an orc wizard (11 damage)
             ... with a magic dart
             ... on level 2 of the Dungeon.
             The game lasted 00:00:31 (208 turns).

Amnesiac the Ducker (Spriggan Fighter)               Turns: 208, Time: 00:00:32

Health: 0/11       AC:  2    Str: 12    XL:     1   Next: 33%
Magic:  2/2        EV: 19    Int:  9    God:
Gold:   39         SH:  6    Dex: 15    Spells: 0/0 levels left

rFire    . . .     SeeInvis +   a - +0 long sword
rCold    . . .     Gourm    .   c - +0 buckler
rNeg     . . .     Faith    .   b - +0 robe
rPois    .         Spirit   .   (helmet restricted)
rElec    .         Reflect  .   (no cloak)
rCorr    .         Harm     .   (gloves unavailable)
MR       .....                  (boots unavailable)
Stlth    +.........             (no amulet)
HPRegen  0.03/turn              (no ring)
MPRegen  0.08/turn              (no ring)

@: very quick
A: very small, unfitting armour, see invisible, herbivore, speed 3, slow
metabolism 2
a: no special abilities


You were on level 2 of the Dungeon.
You were not hungry.

You visited 1 branch of the dungeon, and saw 2 of its levels.

You collected 39 gold pieces.

Inventory:

Hand Weapons
 a - a +0 long sword (weapon)
Armour
 b - a +0 robe (worn)
 c - a +0 buckler (worn)
Scrolls
 e - 2 scrolls of magic mapping {!r, unknown}
 g - a scroll of blinking {!r, unknown}
 h - a scroll of remove curse {!r, unknown}
Potions
 d - a potion of might {!q}
Comestibles
 f - 2 rations


   Skills:
 + Level 2.4 Fighting
 * Level 1.6 Long Blades
 + Level 4.4 Dodging
 + Level 2.2 Shields


You couldn't memorise any spells.
You didn't know any spells.

Dungeon Overview and Level Annotations

Branches:
Dungeon (2/15)

Altars:


Innate Abilities, Weirdness & Mutations

You are very small and have problems with some larger weapons.
You are too small for most types of armour.
You have supernaturally acute eyesight. (SInv)
You are a herbivore.
You cover ground extremely quickly.
You need to consume almost no food.


Message History

A goblin is nearby!
A goblin is nearby!
The goblin shouts!
You hear a shout!
Found a small cabochon amulet.
An orc comes into view. It is wielding a hand axe.
The orc shouts!
You hear a shout! x2
An orc wizard comes into view. It is wielding a dagger.
The orc wizard casts a spell.
The orc wizard seems to speed up.
A giant cockroach comes into view.
Found a chain mail.
Found a stone staircase leading up.
You see here a small cabochon amulet.
h - a small cabochon amulet The orc wizard gestures at you while chanting.
The puff of frost misses you.
An orc comes into view. It is wielding a flail.
The giant cockroach misses you.
Found a scroll labeled JYTOLE XYPIU.
Put on which piece of jewellery? (? for menu, Esc to quit)
You feel a craving for the dungeon's cuisine.
h - an amulet of the gourmand (around neck)
You remove your amulet of the gourmand.
You block the giant cockroach's attack.
You drop an uncursed amulet of the gourmand.
The giant cockroach completely misses you.
The orc shouts!
There is a stone staircase leading up here.
You climb upwards.
Found a short sword, 23 sling bullets and a leather armour.
There is a stone staircase leading down here.
You open the door. You open the door.
There is an open door here.
Found a ring mail.
f - 2 rations (gained 1)
You now have 28 gold pieces (gained 16).
h - a scroll labeled SEISEBL BYIPOS {!r} You now have 39 gold pieces (gained 11).
You open the door.
There is an open door here.
You open the door.
There is an open door here.
You open the door.
There is an open door here.
You open the door.
There is an open door here.
A goblin comes into view.
The goblin shouts!
A goblin is nearby!
There is an open door here.
A hobgoblin comes into view. It is wielding a club.
The hobgoblin shouts!
There is a stone staircase leading down here.
You climb downwards.
The giant cockroach closely misses you. The orc barely misses you.
You riposte.
You hit the orc.
The orc is severely wounded.
The giant cockroach completely misses you.
You riposte.
You barely miss the giant cockroach. The orc completely misses you.
You riposte.
You hit the orc.
You kill the orc!
There is a stone staircase leading up here.
The orc wizard gestures at you while chanting.
The magic dart hits you!
Ouch! That really hurt!
You die...

#......# .## ##
#..o...##... ..
..##...#.........#
$..#.............
...........###.###
.....>.>..........
....#..........##
.......g........####.##
....##.###.###o.@.....#
...###.#....###sg#?##..#
....##.#....###........
....##.#....##".......#
....##.#..............#
....##.#....###.......#
.....# #...[# #########
...#...###### ..###..#


You could see an orc wizard, a giant cockroach and a goblin.

Vanquished Creatures
  An orc (D:2)
  A rat (D:1)
2 creatures vanquished.

Notes
Turn   | Place    | Note
-------+----------+-------------------------------------------
     0 | D:1      | Amnesiac the Spriggan Fighter began the quest for the Orb.
     0 | D:1      | Reached XP level 1. HP: 11/11 MP: 2/2
    92 | D:2      | Noticed an orc wizard
   208 | D:2      | Killed from afar by an orc wizard

Vault maps used:
D:1:      dpeg_arrival_snail
D:2:      old_standard_altar, grunt_nemelex_the_gamble

Action                   || total
-------------------------++-------
Melee: Long sword        ||     2
Dodge: Dodged            ||     7
Block: Buckler           ||     3
       Rpst.: Long sword ||     3

Table legend:
 A = Spawn XP
 B = Non-spawn XP
 C = Spawn XP percentage of total XP
 D = Spawn monster count
 E = Non-spawn monster count
 F = Spawn count percentage of total count
 G = Total turns spent on level
                    A         B        C        D         E        F      G
               +---------+---------+-------+---------+---------+-------+---------
         Total |       0 |       4 |   0.0 |       0 |       2 |   0.0 |   208
               +---------+---------+-------+---------+---------+-------+---------
           D:1 |       0 |       1 |   0.0 |       0 |       1 |   0.0 |   168
           D:2 |       0 |       3 |   0.0 |       0 |       1 |   0.0 |    40
               +---------+---------+-------+---------+---------+-------+---------
